 Dungeon Crawl Stone Soup version 0.14-a0-2759-g5bb4bfe (console) character file.

227 Garrluk the Firebug (level 4, 0/30 HPs)
             Began as a Demonspawn Fire Elementalist on Feb 23, 2014.
             Slain by a gnoll
             ... wielding a +2,+1 flail
              (14 damage)
             ... on Level 3 of the Dungeon.
             The game lasted 00:15:14 (2240 turns).

Garrluk the Firebug (Demonspawn Fire Elementalist)  Turns: 2240, Time: 00:15:14

HP   0/30        AC  4     Str  8      XL: 4   Next: 70%
MP   2/8         EV 12     Int 17      God:
Gold 111         SH  0     Dex 14      Spells:  3 memorised,  0 levels left

rFire  . . .     SeeInvis .     a - -2 spear (curse)
rCold  . . .     Clarity  .     f - +0 elf robe
rNeg   . . .     Conserve .     (no shield)
rPois  .         rCorr    .     l - +0 helmet
rElec  .         rRot     .     (no cloak)
SustAb . .       Spirit   .     (no gloves)
rMut   .         Warding  .     (no boots)
Saprov . . .     Stasis   .     (no amulet)
MR     .....                    (no ring)
                                (no ring)

@: very slightly contaminated, not resistant to hostile enchantments, fairly
stealthy
A: rugged brown scales 1, demonic guardian 1
a: no special abilities


You were on level 3 of the Dungeon.
You were not hungry.

You visited 1 branch of the dungeon, and saw 3 of its levels.

You collected 111 gold pieces.

Notes
Turn   | Place    | Note
--------------------------------------------------------------
     0 | D:1      | Garrluk, the Demonspawn Fire Elementalist, began the quest for the Orb.
     0 | D:1      | Reached XP level 1. HP: 13/13 MP: 3/3
   387 | D:1      | Gained mutation: You are partially covered in rugged brown scales (AC +1, +3% HP). [demonic ancestry]
   387 | D:1      | Reached XP level 2. HP: 11/19 MP: 0/4
   962 | D:2      | Reached skill level 3 in Fire Magic
  1036 | D:2      | Reached XP level 3. HP: 24/24 MP: 0/6
  1133 | D:2      | Noticed Sigmund
  1165 | D:2      | Learned a level 3 spell: Conjure Flame
  1260 | D:2      | Found a blossoming altar of Fedhas.
  1566 | D:3      | Gained mutation: A weak demonic guardian rushes to your aid. [demonic ancestry]
  1566 | D:3      | Reached XP level 4. HP: 21/30 MP: 4/8
  1610 | D:3      | Learned a level 4 spell: Sticky Flame
  2240 | D:3      | Slain by a gnoll

Inventory:

Hand weapons
 a - a cursed -2,-2 spear (weapon)
   (You found it on level 2 of the Dungeon)
 d - a +0,+0 dagger
   (You took it off a kobold on level 1 of the Dungeon)
Armour
 f - a +0 elven robe (worn)
   (You found it on level 2 of the Dungeon)
 l - a +0 helmet (worn)
   (You found it on level 1 of the Dungeon)
Comestibles
 c - 3 bread rations
 j - a meat ration
 n - a pear
 o - a chunk of giant cockroach flesh
Scrolls
 g - 5 scrolls of identify {unknown}
 h - 2 scrolls of teleportation {unknown}
 i - 6 scrolls of remove curse {unknown}
 m - a scroll of curse jewellery {unknown}
 p - a scroll of blinking {unknown}
 s - a scroll of enchant weapon I {unknown}
 v - a scroll of magic mapping {unknown}
Potions
 e - a potion of heal wounds {unknown}
 k - a potion of lignification {unknown}
 q - a potion of magic {unknown}
 r - a potion of restore abilities {unknown}
Books
 b - a book of Flames

   Spells                             Type                      Level
   *Flame Tongue                      Conjuration/Fire             1
   Throw Flame                        Conjuration/Fire             2
   *Conjure Flame                     Conjuration/Fire             3
   Inner Flame                        Hexes/Fire                   3
   *Sticky Flame                      Conjuration/Fire             4
   Fireball                           Conjuration/Fire             5

Table legend:
 A = Turns spent in this place as a percentage of turns spent in the entire game.
 B = Non-inter-level travel turns spent in this place as a percentage of non-inter-level travel turns spent in the entire game.
 C = Inter-level travel turns spent in this place as a percentage of turns spent in this place.
 D = Turns resting spent in this place as a percentage of non-inter-level travel turns spent in this place.
 E = Turns spent auto-exploring this place as a percentage of non-inter-level travel turns spent in this place.
 F = Non-inter-level travel turns spent in this place divided by the number of levels of this place that you've seen.
                   A       B       C       D       E      F
               +-------+-------+-------+-------+-------+----------------------
         Total | 100.0 | 100.0 |   0.1 |   4.1 |   7.5 | 286.3
       Dungeon | 100.0 | 100.0 |   0.1 |   4.1 |   7.5 | 286.3
               +-------+-------+-------+-------+-------+----------------------


   Skills:
 - Level 2.1 Dodging
 - Level 1.9 Stealth
 + Level 2.9 Spellcasting
 * Level 2.6 Conjurations
 + Level 3.4 Fire Magic


You couldn't memorise any spells.
You knew the following spells:

 Your Spells              Type           Power        Failure   Level  Hunger
a - Flame Tongue          Conj/Fire      ##...        6%          1    #......
b - Sticky Flame          Conj/Fire      ##......     58%         4    #####..
c - Conjure Flame         Conj/Fire      ##......     17%         3    ###....


Dungeon Overview and Level Annotations

Branches:
Dungeon (3/16)

Altars:
Fedhas

Annotations:
D:2 Sigmund


Innate Abilities, Weirdness & Mutations

You are partially covered in rugged brown scales (AC +1, +3% HP).
A weak demonic guardian rushes to your aid.


Message History

The flame hits the gnoll.
The gnoll is severely wounded.
The gnoll hits you with a flail!
Casting: Flame Tongue
Confirm with . or Enter, or press ? or * to list all spells.
Aiming: Flame Tongue
Press: ? - help, Shift-Dir - straight line, f/p - gnoll
Aim: a gnoll, wielding a flail (severely wounded)
The flame hits the gnoll.
The gnoll is almost dead.
The gnoll hits you with a flail!
Casting: Flame Tongue
Confirm with . or Enter, or press ? or * to list all spells.
Aiming: Flame Tongue
Press: ? - help, Shift-Dir - straight line, f/p - gnoll
Aim: a gnoll, wielding a flail (almost dead)
The flame hits the gnoll.
The gnoll appears unharmed.
The gnoll is almost dead.
The gnoll hits you with a flail!
You die...

#######.# #.## ........#
#..# .#####..###..#
.#####.......#
....>....##..#####
.................#
.....#...###.###.#
..##.#...###.###.#######
.........................
.................#######
.........##.....@g....#
.###.##..##.###########
.........##...........
.........##..####.####
.###.##..##.......#
..>..<#..##..##.#.######..#
.........##..##...........#
.###.##..##....##.#######.#
..##.##..##..#.##.#
.............#.##.#######.#
.###..#..#...#.##.........#


You could see a gnoll.

Table legend:
 A = Kills in this place as a percentage of kills in entire the game.
 B = Kills by you in this place as a percentage of kills by you in the entire game.
 C = Kills by friends in this place as a percentage of kills by friends in the entire game.
 D = Other kills in this place as a percentage of other kills in the entire game.
 E = Experience gained in this place as a percentage of experience gained in the entire game.
 F = Experience gained in this place divided by the number of levels of this place that you have seen.
                   A       B       C       D       E      F
               +-------+-------+-------+-------+-------+----------------------
         Total | 100.0 | 100.0 |  -nan |  -nan | 100.0 |  55.7
       Dungeon | 100.0 | 100.0 |  -nan |  -nan | 100.0 |  55.7
               +-------+-------+-------+-------+-------+----------------------

Vanquished Creatures
  Monster Symbol All 'J'
  An ooze (D:2)
1 creature vanquished. All 'K' 4 kobolds
4 creatures vanquished. All 'S' 2 adders (D:3)
2 creatures vanquished. All 'b' 5 bats
5 creatures vanquished. All 'g' A gnoll (D:3) 9 goblins 3 hobgoblins
13 creatures vanquished. All 'h' 4 jackals (D:1)
4 creatures vanquished. All 'l' 4 giant geckos 3 giant newts
7 creatures vanquished. All 'o' 2 orcs (D:3)
2 creatures vanquished. All 'r' A quokka (D:2) 8 rats
9 creatures vanquished. All 's' A giant mite (D:2) 3 giant cockroaches
4 creatures vanquished. All 'w' 4 worms
4 creatures vanquished.
55 creatures vanquished. Monster Nature Natural Monsters 2 adders (D:3) A gnoll (D:3) A giant mite (D:2) 4 worms 4 giant geckos An ooze (D:2) 2 orcs (D:3) 3 giant cockroaches 9 goblins 3 hobgoblins 4 jackals (D:1) A quokka (D:2) 5 bats 3 giant newts 4 kobolds 8 rats
55 creatures vanquished.
55 creatures vanquished. Ascending Order A gnoll (D:3) A giant mite (D:2) An ooze (D:2) A quokka (D:2) 2 adders (D:3) 2 orcs (D:3) 3 hobgoblins 3 giant cockroaches 3 giant newts 4 worms 4 giant geckos 4 jackals (D:1) 4 kobolds 5 bats 8 rats 9 goblins
55 creatures vanquished.

Action                   |  1- 3 |  4- 6 || total
-------------------------+-------+-------++-------
Melee: Dagger            |    45 |       ||    45
       Unarmed           |     9 |       ||     9
       Spear             |    24 |     6 ||    30
 Cast: Flame Tongue      |    59 |    33 ||    92
       Conjure Flame     |     2 |     2 ||     4
 Stab: Sleeping          |     1 |       ||     1
